 Dungeon Crawl Stone Soup version 0.21.1-1-g345015f (webtiles) character file.

5799 Monsterracer the Grappler (level 11, -1/74 HPs)
             Began as a Human Fighter on Feb 6, 2018.
             Was a Believer of Hepliaklqana.
             Slain by a basilisk (14 damage)
             ... on level 8 of the Dungeon.
             The game lasted 00:18:52 (11742 turns).

Monsterracer the Grappler (Human Fighter)          Turns: 11742, Time: 00:18:52

Health: -1/74      AC: 14    Str: 20    XL:     11   Next: 6%
Magic:  14/15      EV:  6    Int:  9    God:    Hepliaklqana [**....]
Gold:   353        SH: 10    Dex: 12    Spells: 8/10 levels left

rFire    + . .     SeeInvis .     - Unarmed
rCold    + . .     Gourm    .   b - +0 shield
rNeg     . . .     Faith    .   B - +1 chain mail {rC+}
rPois    .         Spirit   .   (no helmet)
rElec    .         Reflect  .   n - +0 cloak
rCorr    +         Harm     .   l - +1 pair of gloves
MR       .....                  (no boots)
Stlth    ..........             (no amulet)
HPRegen  0.22/turn              r - ring of protection from fire {!d}
MPRegen  0.14/turn              a - ring of resist corrosion {!d}

@: no status effects
A: reduced essence
a: Recall Ancestor, Ancestor Identity, Renounce Religion


You were on level 8 of the Dungeon.
You worshipped Hepliaklqana.
Hepliaklqana was pleased with you.
You were not hungry.

You visited 2 branches of the dungeon, and saw 10 of its levels.

You collected 419 gold pieces.
You spent 66 gold pieces at shops.

Inventory:

Missiles
 m - 3 throwing nets (quivered)
Armour
 b - a +0 shield (worn)
 l - a +1 pair of gloves (worn)
 n - a +0 cloak (worn)
 y - a +1 ring mail of cold resistance
 B - a +1 chain mail of cold resistance (worn)
Jewellery
 a - a ring of resist corrosion (right hand) {!d}
 f - an uncursed ring of protection from cold {!d}
 i - an uncursed ring of positive energy {!d}
 p - an uncursed ring of flight
 r - a ring of protection from fire (left hand) {!d}
Wands
 o - a wand of flame (22)
 q - a wand of acid (10)
 z - a wand of polymorph (13)
Scrolls
 u - a scroll of remove curse
 x - a scroll of fear {!r}
 A - 2 scrolls of magic mapping {!r}
Potions
 d - 2 potions of might
 e - 4 potions of flight
 h - 2 potions of degeneration {unknown}
 j - 4 potions of curing
 k - 2 potions of lignification
 s - a potion of invisibility {unknown}
 t - 2 potions of ambrosia {unknown}
 v - a potion of agility {unknown}
 w - a potion of resistance {unknown}
 C - 2 potions of heal wounds {unknown}
 D - a potion of haste {unknown}
Comestibles
 c - 9 rations


   Skills:
 + Level 6.6 Fighting
 + Level 6.4 Armour
 - Level 1.2 Dodging
 + Level 6.7 Shields
 * Level 10.6 Unarmed Combat
 + Level 6.4 Invocations


You had 8 spell levels left.
You knew the following spells:

 Your Spells              Type           Power        Failure   Level  Hunger
e - Blink                 Tloc           N/A          100%        2    ###....


Dungeon Overview and Level Annotations

Branches:
Dungeon (9/15)             Temple (1/1) D:4            Lair (0/6) D:8
    Orc: D:9-12

Altars:
Ashenzari
Cheibriados
Dithmenos
Elyvilon
Fedhas
Gozag
Hepliaklqana
Makhleb
Nemelex Xobeh
Okawaru
Qazlal
Sif Muna
Trog
Uskayaw
Wu Jian
Xom
Yredelemnul
Zin
The Shining One

Shops:
D:4 }   D:6 *


Message History

* * * LOW HITPOINT WARNING * * *
Xiuhtonal completely misses Pikel.
You block the slave's attack.
You take 20 damage, and have 14/69 hp.
MASSIVE DAMAGE!!
Xiuhtonal hits Pikel with a flail!
The slave hits Xiuhtonal but does no damage.
You hit Pikel but do no damage.
Pikel is almost dead.
You block Pikel's attack.
You hit Pikel but do no damage.
Pikel is almost dead.
Xiuhtonal closely misses Pikel.
Pikel hits you but does no damage.
You hit Pikel.
You kill Pikel!
You have reached level 11!
With Pikel's spell broken, the former slaves thank you for their freedom.
You regained 2 hp, and now have 17/74 hp.
MP restored: 15
Things that are here:
a whip of electrocution; a robe; the big kobold corpse of Pikel
g - a whip of electrocution Wield which item (- for none, * to show all)? (? for menu, Esc to quit)
You hear the crackle of electricity.
g - a +1 whip of electrocution (weapon)
Your +1 whip of electrocution stops crackling.
You are now empty-handed.
You drop a +1 whip of electrocution.
You are already empty-handed.
A gnoll comes into view. It is wielding a spear.
You regained 2 hp, and now have 19/74 hp.
A gnoll is nearby!
Found a ration.
A gnoll comes into view. It is wielding a flail.
The gnoll hits you but does no damage.
A gnoll and an ogre come into view.
You closely miss the gnoll.
The ogre shouts!
You hear an angry hiss.
The gnoll hits you but does no damage.
Xiuhtonal hits the gnoll with a flail!
A gnoll comes into view. It is wielding a halberd.
You hit the gnoll but do no damage.
The gnoll is heavily wounded.
The gnoll completely misses you.
You barely miss the gnoll.
The gnoll is heavily wounded.
Xiuhtonal hits the gnoll with a flail!
The gnoll dies!
The gnoll hits you but does no damage.
The gnoll throws a throwing net.
The throwing net hits you.
You become entangled in the net!
You struggle against the net.
Xiuhtonal closely misses the gnoll.
The gnoll barely misses you.
You struggle against the net.
Xiuhtonal hits the gnoll with a flail.
The gnoll barely misses you.
The gnoll hits you but does no damage. x2
You struggle against the net.
The gnoll hits you but does no damage.
Xiuhtonal barely misses the gnoll.
The gnoll hits you from afar with a halberd.
* * * LOW HITPOINT WARNING * * *
You take 6 damage, and have 16/74 hp.
You struggle against the net.
The gnoll hits you but does no damage. x2
The ogre hits you with a giant club!
* * * LOW HITPOINT WARNING * * *
Xiuhtonal hits the gnoll with a flail.
You take 9 damage, and have 7/74 hp.
You rip the net and break free!
You block the gnoll's attack.
The gnoll hits you but does no damage. x2
Xiuhtonal hits the gnoll with a flail.
Xiuhtonal blocks the gnoll's attack.
Xiuhtonal hits the gnoll with a flail.
Xiuhtonal blocks the gnoll's attack.
The gnoll throws a throwing net.
The throwing net hits Xiuhtonal.
The net passes right through Xiuhtonal!
You block the gnoll's attack.
Xiuhtonal hits the gnoll with a flail!
The gnoll dies!
The gnoll hits Xiuhtonal but does no damage.
The gnoll hits Xiuhtonal but does no damage.
Xiuhtonal hits the gnoll with a flail!
Xiuhtonal blocks the gnoll's attack.
The gnoll hits Xiuhtonal with a spear.
Something completely misses Xiuhtonal.
Xiuhtonal hits the gnoll but does no damage.
Xiuhtonal hits the gnoll with a flail.
Xiuhtonal hits the gnoll with a flail!
The gnoll dies!
Xiuhtonal is recalled.
You block the ogre's attack.
You now have 13/15 mp.
You swap places.
Xiuhtonal hits the ogre with a flail!
The ogre hits Xiuhtonal with a giant club!!
Xiuhtonal hits the ogre with a flail!
The ogre hits Xiuhtonal with a giant club!
Xiuhtonal hits the ogre with a flail!
The ogre dies!
The basilisk hisses menacingly.
The basilisk bites Xiuhtonal.
Xiuhtonal hits the basilisk with a flail!
The basilisk gazes at you.
Xiuhtonal is unaffected.
Xiuhtonal barely misses the basilisk.
You swap places.
You block the basilisk's attack.
Press: ? - help, v - describe, . - travel, g - get item
Here: a basilisk (moderately wounded)
A giant club.
The floor, spattered with blood.
You hit the basilisk.
The basilisk is moderately wounded.
The basilisk bites you!
You die...

........#...........#...#........
#.######..........P.R)..#..#####.
..............>........##..# .
..#####..P.......P..#..#..###
##.......lP..#........
##.........####....# ###.....####
#...# ###.####.####..######.
#.l@R.......>.......
######..####R####### #.......#
##†####.# #.# ### #.# #.# #.# #.#
###


You could see the friendly Xiuhtonal the knight and a basilisk.

Vanquished Creatures
  Pikel (D:8)
  An elephant (D:8)
  The ghost of Agrougrou the Poker, an amateur DsMo (D:4)
  A hippogriff (D:8)
  A basilisk (D:8)
  A water moccasin (D:6)
  An orc warrior (D:6)
  A slave (D:8)
  2 ogres (D:7)
  A phantom (D:6)
  2 centaurs
  A bullfrog (D:7)
  7 killer bees
  3 crimson imps
  A bullfrog zombie (D:6)
  2 quasits
  2 jellies
  A centaur skeleton (D:4)
  5 hounds
  3 orc priests
  4 orc wizards
  Jessica (D:2)
  3 iguanas
  5 worker ants
  Natasha (thrice) (D:3)
  A hound zombie (D:8)
  A hound skeleton (D:7)
  7 adders
  3 gnolls (D:6)
  A shadow imp (D:8)
  An adder zombie (D:6)
  4 worms
  4 dart slugs
  A leopard gecko (D:5)
  31 orcs
  4 bats
  4 giant cockroaches
  8 goblins
  4 hobgoblins
  11 jackals
  4 quokkas
  4 frilled lizards
  4 kobolds
  A leopard gecko zombie (D:5)
  5 rats
157 creatures vanquished.

Vanquished Creatures (collateral kills)
  Joseph (D:7)
  Prince Ribbit (D:7)
  A hippogriff (D:8)
  An orc warrior (D:7)
  A sky beast (D:8)
  A black bear (D:7)
  6 ogres
  2 centaurs
  A bullfrog (D:6)
  A scorpion (D:5)
  4 killer bees (D:9)
  A centaur zombie (D:7)
  A hound (D:5)
  An orc priest (D:3)
  5 orc wizards
  A hound skeleton (D:4)
  A worker ant zombie (D:8)
  3 gnolls (D:8)
  An adder (D:7)
  An adder skeleton (D:7)
  12 orcs
  5 jackals
  A quokka (D:7)
53 creatures vanquished.

Vanquished Creatures (others)
  2 ancestors
  A fungus (D:8)
3 creatures vanquished.

Grand Total: 213 creatures vanquished

Notes
Turn   | Place    | Note
-------+----------+-------------------------------------------
     0 | D:1      | Monsterracer the Human Fighter began the quest for the Orb.
     0 | D:1      | Reached XP level 1. HP: 18/18 MP: 1/1
   110 | D:1      | Reached XP level 2. HP: 22/24 MP: 2/2
   310 | D:1      | HP: 12/24 [hobgoblin (3)]
   510 | D:1      | Reached skill level 3 in Unarmed Combat
   653 | D:1      | Reached XP level 3. HP: 25/29 MP: 3/3
  1228 | D:2      | HP: 13/29 [worm (8)]
  1233 | D:2      | HP: 7/29 [worm (7)]
  1524 | D:2      | Noticed Jessica
  1537 | D:2      | Killed Jessica
  1537 | D:2      | Reached skill level 4 in Unarmed Combat
  1537 | D:2      | Reached XP level 4. HP: 32/35 MP: 4/4
  1581 | D:2      | Learned a level 2 spell: Blink
  2140 | D:3      | HP: 14/35 [orc wizard/magic dart (9)]
  2142 | D:3      | Reached XP level 5. HP: 16/41 MP: 5/5
  2316 | D:3      | Reached skill level 5 in Unarmed Combat
  2346 | D:3      | Noticed Natasha
  2354 | D:3      | Killed Natasha
  2424 | D:3      | Found a glowing silver altar of Zin.
  2424 | D:3      | Noticed an angel
  2428 | D:3      | Found a shimmering altar of Xom.
  2776 | D:3      | Noticed Natasha
  2792 | D:3      | Killed Natasha
  3251 | D:3      | Noticed Natasha
  3266 | D:3      | Killed Natasha
  3266 | D:3      | Reached XP level 6. HP: 27/47 MP: 6/6
  3410 | D:4      | Found a staircase to the Ecumenical Temple.
  3422 | Temple   | Entered the Ecumenical Temple
  3487 | Temple   | Became a worshipper of Hepliaklqana the Forgotten
  3545 | D:4      | Reached skill level 6 in Unarmed Combat
  3554 | D:4      | HP: 20/42 [something/puff of flame (8)]
  3783 | D:4      | Found a shadowy altar of Dithmenos.
  3786 | D:4      | Found a basalt altar of Yredelemnul.
  3789 | D:4      | Found a shattered altar of Ashenzari.
  3792 | D:4      | Found a hide-covered altar of Uskayaw.
  4085 | D:4      | Noticed Agrougrou's ghost (amateur DsMo)
  4273 | D:3      | Reached XP level 7. HP: 31/46 MP: 7/7
  4438 | D:4      | HP: 21/46 [ogre/giant club (8)]
  4440 | D:4      | HP: 10/46 [ogre/giant club (11)]
  4441 | D:4      | HP: 1/46 [ogre/giant club (9)]
  4444 | D:4      | Reached skill level 1 in Dodging
  4444 | D:4      | Reached skill level 1 in Invocations
  4833 | D:3      | HP: 23/46 [poisoned by Agrougrou's ghost]
  4838 | D:3      | HP: 19/46 [poisoned by Agrougrou's ghost]
  4844 | D:3      | HP: 14/46 [poisoned by Agrougrou's ghost]
  4850 | D:3      | HP: 12/46 [poisoned by Agrougrou's ghost]
  4856 | D:3      | HP: 11/46 [poisoned by Agrougrou's ghost]
  4864 | D:3      | HP: 10/46 [poisoned by Agrougrou's ghost]
  5157 | D:4      | Reached * piety under Hepliaklqana
  5165 | D:4      | Found Imashrycw's Gadget Boutique.
  5473 | D:5      | Entered Level 5 of the Dungeon
  5572 | D:5      | Reached skill level 7 in Unarmed Combat
  5881 | D:5      | Reached XP level 8. HP: 53/54 MP: 9/9
  6682 | D:6      | Found Daiclito's Assorted Antiques.
  6689 | D:6      | Bought a bubbling pink potion for 20 gold pieces
  6689 | D:6      | Bought a scroll labeled YNUOLO COESCH for 23 gold pieces
  6689 | D:6      | Bought a scroll labeled DYPPIVA SUXI for 23 gold pieces
  6805 | D:6      | Reached ** piety under Hepliaklqana
  6806 | D:6      | Remembered your ancestor Xiuhtonal as a knight
  6942 | D:6      | HP: 22/54 [orc warrior/mace (16)]
  6947 | D:6      | HP: 17/54 [orc warrior/mace (5)]
  6955 | D:6      | Reached skill level 8 in Unarmed Combat
  6966 | D:6      | Reached XP level 9. HP: 17/59 MP: 11/11
  7862 | D:7      | Noticed Prince Ribbit
  7978 | D:7      | HP: 21/60 [orc warrior/halberd (14)]
  7978 | D:7      | Reached skill level 5 in Shields
  8190 | D:7      | Reached skill level 5 in Fighting
  8447 | D:7      | HP: 29/61 [ogre/giant club (14)]
  8452 | D:7      | Reached skill level 9 in Unarmed Combat
  8699 | D:7      | Reached skill level 5 in Armour
  8876 | D:7      | Killed Prince Ribbit
  8888 | D:7      | Noticed Joseph
  8892 | D:7      | Reached XP level 10. HP: 52/66 MP: 13/13
  8905 | D:7      | HP: 33/66 [Joseph/sling bullet (1)]
  8909 | D:7      | HP: 10/66 [Joseph/uncursed quarterstaff (15)]
  8914 | D:7      | HP: 6/66 [Joseph/sling bullet (5)]
  8917 | D:7      | Killed Joseph
  8917 | D:7      | Reached skill level 5 in Invocations
 10138 | D:4      | Killed Agrougrou's ghost
 10329 | D:8      | Found the +7 great mace "Undeadhunter" {disrupt, rN+}
 10652 | D:8      | Found a staircase to the Lair.
 10652 | D:8      | Noticed an elephant
 10773 | D:9      | Found a burning altar of Makhleb.
 10818 | D:9      | Reached skill level 10 in Unarmed Combat
 10856 | D:9      | HP: 34/68 [killer bee (2)]
 10862 | D:9      | HP: 31/68 [poisoned by a killer bee]
 10868 | D:9      | HP: 28/68 [poisoned by a killer bee]
 10873 | D:9      | HP: 27/68 [poisoned by a killer bee]
 10881 | D:9      | HP: 26/68 [poisoned by a killer bee]
 10886 | D:9      | HP: 16/68 [poisoned by a killer bee]
 10891 | D:9      | Noticed a two-headed ogre
 11156 | D:9      | HP: 29/68 [orc priest/nerve-wracking pain (10)]
 11216 | D:8      | HP: 29/68 [elephant (13)]
 11222 | D:8      | HP: 24/68 [elephant (1)]
 11228 | D:8      | Killed an elephant
 11668 | D:8      | Noticed Pikel
 11678 | D:8      | HP: 33/69 [Pikel/whip of electrocution (4)]
 11681 | D:8      | HP: 14/69 [slave[Pikel] (5)]
 11689 | D:8      | Killed Pikel
 11689 | D:8      | Reached XP level 11. HP: 16/74 MP: 15/15
 11713 | D:8      | HP: 16/74 [gnoll/halberd (6)]
 11714 | D:8      | HP: 7/74 [ogre/giant club (9)]
 11742 | D:8      | Slain by a basilisk

Skill      XL: |  1  2  3  4  5  6  7  8  9 10 |
---------------+-------------------------------+-----
Unarmed Combat | 3 4 5 6 7 8 9 10 | 10.6
Dodging        | 1 |  1.2
Invocations    | 2 3 4 6 |  6.4
Shields        | 4 5 6 |  6.7
Fighting       | 4 5 6 |  6.6
Armour         | 4 5 6 |  6.4

Action                   |  1- 3 |  4- 6 |  7- 9 | 10-12 || total
-------------------------+-------+-------+-------+-------++-------
Melee: Unarmed           |   134 |   236 |   391 |   202 ||   963
Invok: Recall Ancestor   |       |     2 |     2 |     5 ||     9
       Ancestor Life: Kn |       |       |     1 |       ||     1
  Use: Scroll            |       |     4 |     8 |     2 ||    14
       Potion            |       |       |     1 |       ||     1
 Stab: Distracted        |       |       |     1 |     1 ||     2
  Eat: Chunk             |     1 |     9 |    16 |     3 ||    29
       Ration            |       |       |       |     2 ||     2
Armor: Scale mail        |    43 |     6 |       |       ||    49
       Plate armour      |       |   125 |   205 |    28 ||   358
       Skin              |       |       |    19 |       ||    19
       Chain mail        |       |       |       |    81 ||    81
Dodge: Dodged            |    31 |    33 |    45 |    29 ||   138
Block: Shield            |    46 |    94 |   154 |    87 ||   381

Vault maps used:
D:1:      tarquinn_simple_flora_water_e
D:2:      uniq_jessica
D:3:      grunt_temple_overflow_order_and_chaos_1, dk_noncrumbling_2,
          serial_bayou_pond_d, minmay_quantized, uniq_natasha
D:4:      grunt_temple_overflow_cloverleaf, minmay_temple_entry_overgrown,
          first_ration, serial_shops, shop
D:5:      eino_small_chamber_without_monster, nicolae_sextant
D:6:      serial_shops, shop
D:7:      uniq_joseph, uniq_prince_ribbit1
D:8:      lemuel_doored_altar, lemuel_crystal_altar, david_lair_generic,
          basic_altar, uniq_pikel
D:9:      lemuel_zombie_altar_kikubaaqudgha, david_orc_5, grunt_ministairs_10,
          makhleb_heckhound_becter, uniq_erolcha
Temple:   cyrus_circular_temple
